 Dungeon Crawl Stone Soup version 0.25.0-46-gbd7b0854d2 (webtiles) character file.

Game seed: 3682735469982920925

24 DerDa the Magician (level 2, -1/19 HPs)
             Began as a Mummy Wizard on July 16, 2020.
             Slain by a gnoll
             ... wielding a cursed +0 whip
              (13 damage)
             ... on level 1 of the Dungeon.
             The game lasted 00:01:59 (951 turns).

DerDa the Magician (Mummy Wizard)                    Turns: 951, Time: 00:01:59

Health: -1/19      AC:  2    Str: 10    XL:     2   Next: 79%
Magic:  0/7        EV: 12    Int: 17    God:
Gold:   10         SH:  0    Dex: 10    Spells: 9/10 levels left

rFire    x . .     SeeInvis .   e - +0 dagger
rCold    + . .     Gourm    .   (no shield)
rNeg     + + +     Faith    .   a - +0 robe
rPois    ∞         Spirit   .   b - +0 hat
rElec    .         Reflect  .   (no cloak)
rCorr    .         Harm     .   (no gloves)
MR       .....                  (no boots)
Stlth    +++.......             (no amulet)
HPRegen  0.06/turn              c - ring of stealth
MPRegen  0.10/turn              (no ring)

@: no status effects
A: no food or potions, fire vulnerability, cold resistance 1, negative energy
resistance 3, torment resistance, unbreathing
a: no special abilities


You were on level 1 of the Dungeon.
You were not hungry.

You visited 1 branch of the dungeon, and saw 1 of its levels.

You collected 10 gold pieces.

Inventory:

Hand Weapons
 e - a +0 dagger (weapon)
Missiles
 d - 2 stones
 i - 7 javelins (quivered)
Armour
 a - a +0 robe (worn)
 b - a +0 hat (worn)
Jewellery
 c - a ring of stealth (left hand)
Scrolls
 f - a scroll of fear {unknown}
 g - a scroll of identify {unknown}
 h - a scroll of fog {unknown}


   Skills:
 - Level 1.5 Dodging
 - Level 1.5 Stealth
 * Level 4.6 Spellcasting
 * Level 1.6 Conjurations
   Level 0.7 Summonings
   Level 0.7 Translocations


You had 9 spell levels left.
You knew the following spells:

 Your Spells              Type           Power        Failure   Level  Hunger
a - Magic Dart            Conj           #...         8%          1    N/A

Your spell library contained the following spells:

 Spells                   Type           Power        Failure   Level  Hunger
 Blink                    Tloc           N/A          17%         2    N/A
 Call Imp                 Summ           #.......     17%         2    N/A
 Slow                     Hex            #.......     22%         2    N/A
 Conjure Flame            Conj/Fire      #.......     30%         3    N/A
 Mephitic Cloud           Conj/Pois/Air  #.......     34%         3    N/A

Dungeon Overview and Level Annotations

Branches:
Dungeon (1/15)

Altars:


Innate Abilities, Weirdness & Mutations

You do not eat or drink.
Your flesh is vulnerable to fire.
You are immune to poison.
Your flesh is cold resistant. (rC+)
You are immune to negative energy. (rN+++)
You are immune to unholy pain and torment.
You can survive without breathing.


Message History

Casting: Magic Dart (safe; 8% risk of failure)
Confirm with . or Enter, or press ? or * to list all spells.
Aiming: Magic Dart (safe; 8% risk of failure)
Press: ? - help, Shift-Dir - straight line, f/p - gnoll
Aim: a gnoll, wielding a +0 whip (heavily wounded)
The magic dart hits the gnoll but does no damage.
The gnoll is heavily wounded.
Casting: Magic Dart (safe; 8% risk of failure)
Confirm with . or Enter, or press ? or * to list all spells.
You don't have enough magic to cast that spell.
Unknown command.
You hit the gnoll.
The gnoll is severely wounded.
The gnoll hits you with a cursed +0 whip!
You hit the gnoll but do no damage.
The gnoll is severely wounded.
A bat comes into view.
The gnoll hits you with a cursed +0 whip!
Ouch! That really hurt!
You die...

#.....# #.# ..
......####.# ..
..........## .#
..........÷. .#
.........## # .#
....###..## #.
.###............
.#.##.###...........#..##
.......g@........####..#
b.##.#.#######........#
#.#### #.........# #..".#
########..# ......###.#
#..## #####.#...# ###..#
#.#..## #....# #....#
#.#..# ##.#.# #....#


You could see a gnoll and a bat.

Vanquished Creatures
  6 bats (D:1)
  A giant cockroach (D:1)
  3 goblins (D:1)
  A hobgoblin (D:1)
  4 jackals (D:1)
  A kobold (D:1)
  A frilled lizard (D:1)
  3 rats (D:1)
20 creatures vanquished.

Notes
Turn   | Place    | Note
-------+----------+-------------------------------------------
     0 | D:1      | DerDa the Mummy Wizard began the quest for the Orb.
     0 | D:1      | Reached XP level 1. HP: 13/13 MP: 5/5
    84 | D:1      | Reached skill level 1 in Conjurations
   298 | D:1      | Reached XP level 2. HP: 19/19 MP: 2/7
   951 | D:1      | Slain by a gnoll

Illustrated notes

Levels and vault maps discovered:
D:1:      scummos_arrival_checkerplants, layout_basic, minmay_pentomino_v2

Skill      XL: |  1 |
---------------+----+-----
Conjurations   | 1 |  1.6
Dodging        | |  1.5
Stealth        | |  1.5
Spellcasting   | |  4.6
Summonings     | |  0.7
Translocations | |  0.7

Action                   || total
-------------------------++-------
Melee: Dagger            ||    25
 Cast: Magic Dart        ||    48
Armor: Robe              ||     6
Dodge: Dodged            ||    25
